 Dungeon Crawl Stone Soup version 0.16.1-11-g651b585 (webtiles) character file.

10189 LuckyCent the Blocker (level 11, -2/97 HPs)
             Began as a Minotaur Fighter on Apr 5, 2015.
             Was a High Priest of Qazlal.
             Slain by a 14-headed hydra (11 damage)
             ... on level 2 of the Lair of Beasts.
             The game lasted 01:16:15 (8412 turns).

LuckyCent the Blocker (Minotaur Fighter)            Turns: 8412, Time: 01:16:21

Health: -2/97      AC: 21    Str: 26    XL:     11   Next: 32%
Magic:  4/4        EV:  9    Int:  5    God:    Qazlal [*****.]
Gold:   584        SH: 19    Dex: 10    Spells: 0 memorised, 10 levels left

rFire  . . .     SeeInvis .     G - +7 falchion
rCold  . . .     Clarity  .     O - +0 plate armour
rNeg   . . .     SustAb   .     N - +0 shield
rPois  .         Gourm    .     (helmet restricted)
rElec  .         Spirit   .     q - +0 cloak
rCorr  .         Warding  .     h - +0 pair of gloves
rMut   +         Stasis   .     D - +0 pair of boots
MR     .....                    w - amulet of resist mutation
Stlth  ..........               M - +2 ring of strength
                                L - +1 ring of evasion

@: protected from physical damage, repel missiles, not resistant to hostile
enchantments, extremely unstealthy
A: retaliatory headbutt, horns 2
a: Upheaval, Elemental Force, Disaster Area, Renounce Religion


You were on level 2 of the Lair of Beasts.
You worshipped Qazlal.
Qazlal was extremely pleased with you.
You were not hungry.

You visited 2 branches of the dungeon, and saw 11 of its levels.

You collected 584 gold pieces.

Inventory:

Hand weapons
 G - a +7 falchion (weapon)
 R - a +1 whip of flaming
Armour
 h - a +0 pair of gloves (worn)
 q - a +0 cloak (worn)
 D - a +0 pair of boots (worn)
 N - a +0 shield (worn)
 O - a +0 plate armour (worn)
 T - a +1 ring mail of cold resistance
Jewellery
 w - an amulet of resist mutation (around neck)
 L - a +1 ring of evasion (left hand)
 M - a +2 ring of strength (right hand)
Magical devices
 c - a wand of flame (23)
 d - a wand of random effects (33)
 g - a wand of random effects (30)
 i - a wand of draining (7)
 m - a wand of enslavement (19)
 s - a wand of flame (23)
 z - a wand of lightning (6)
 B - a wand of lightning (5)
 E - a wand of draining (4)
 H - a wand of cold (1)
Scrolls
 b - 9 scrolls of identify
 j - 4 scrolls of magic mapping
 k - 3 scrolls of recharging
 o - 4 scrolls of remove curse
 u - a scroll of noise {unknown}
 v - a scroll of fear {unknown}
 y - 2 scrolls of teleportation {unknown}
 F - a scroll of enchant armour {unknown}
 I - 3 scrolls of amnesia {unknown}
 P - a scroll of random uselessness {unknown}
 U - a scroll of fog {unknown}
 W - a scroll of enchant weapon
 X - a scroll of holy word {unknown}
Potions
 a - a potion of beneficial mutation {unknown}
 e - 2 potions of might
 f - 3 potions of curing {unknown}
 l - a potion of mutation {unknown}
 n - 4 potions of flight
 p - 3 potions of resistance {unknown}
 t - a potion of invisibility
 x - a potion of berserk rage {unknown}
 A - 3 potions of poison {unknown}
 Q - 2 potions of restore abilities {unknown}
Books
 C - a book of Debilitation

   Spells                             Type                      Level
   a - Corona                         Hexes                        1
   b - Slow                           Hexes                        2
   c - Inner Flame                    Hexes/Fire                   3
   d - Enslavement                    Hexes                        4
   e - Cause Fear                     Hexes                        4
   f - Leda's Liquefaction            Hexes/Earth                  4
 S - a book of Flames

   Spells                             Type                      Level
   a - Flame Tongue                   Conjuration/Fire             1
   b - Throw Flame                    Conjuration/Fire             2
   c - Conjure Flame                  Conjuration/Fire             3
   d - Inner Flame                    Hexes/Fire                   3
   e - Sticky Flame                   Conjuration/Fire             4
   f - Fireball                       Conjuration/Fire             5
Miscellaneous
 V - a plain deck of escape
Comestibles
 r - 5 beef jerkies
 J - a bread ration
 K - 4 meat rations
 Y - 4 fruits


   Skills:
 + Level 9.2 Fighting
 + Level 11.1 Long Blades
 + Level 9.6 Armour
 + Level 4.4 Dodging
 + Level 0.5 Stealth
 + Level 12.9 Shields
 + Level 0.2 Evocations


You had 10 spell levels left.
You didn't know any spells.

Dungeon Overview and Level Annotations

Branches:
Dungeon (9/15)             Temple (0/1) D:4            Lair (2/8) D:9
    Orc: D:9-12

Altars:
Fedhas
Okawaru
Qazlal
The Shining One

Shops:
D:8 [=   D:9 !


Innate Abilities, Weirdness & Mutations

You reflexively headbutt those who attack you in melee.
You have a pair of horns on your head.


Message History

The 14-headed hydra bites you. The 14-headed hydra barely misses you.
The 14-headed hydra bites you!
* * * LOW HITPOINT WARNING * * *
You block the 14-headed hydra's attack. x2
The 14-headed hydra bites you but does no damage. x2
There is a stone staircase leading up here.
The 14-headed hydra bites you.
* * * LOW HITPOINT WARNING * * *
You block the 14-headed hydra's attack.
The 14-headed hydra bites you but does no damage.
You block the 14-headed hydra's attack.
The 14-headed hydra bites you but does no damage. x2
The 14-headed hydra barely misses you. The 14-headed hydra bites you!
* * * LOW HITPOINT WARNING * * *
The 14-headed hydra bites you but does no damage. x3
The 14-headed hydra bites you.
* * * LOW HITPOINT WARNING * * *
The 14-headed hydra bites you but does no damage.
The 14-headed hydra bites you!
You die...

#..#### ##PP##..# $..#.##
######.## #P....## #..#
##$.....# #.##
#.......### ##.#
#.........# #..#
..........## ##..##
#..........#########....#
###............D@.......#
#.....#..###...#.###.#.#
##.....### ##.#### #####
.....#### ### ##.### ##


You could see a 14-headed hydra.

Vanquished Creatures
  Harold (Lair:1)
  Pikel (D:9)
  A black mamba (Lair:1)
  Joseph (Lair:1)
  2 spiny frogs
  A two-headed ogre (D:8)
  A troll (D:9)
  A wandering mushroom (D:9)
  14 yaks
  A wyvern (D:8)
  A steam dragon (D:8)
  4 wolves (Lair:1)
  A necrophage (D:9)
  3 porcupines
  2 sky beasts
  3 water moccasins
  2 orc warriors
  2 crocodiles
  2 slaves (D:9)
  9 ogres
  A big kobold (D:7)
  10 giant frogs
  A water moccasin skeleton (D:6)
  8 killer bees (D:8)
  2 electric eels (Lair:1)
  2 goliath beetles (D:7)
  A quasit (D:9)
  A giant frog zombie (D:7)
  A jelly (D:5)
  An orc priest (D:4)
  3 hounds
  3 worker ants (D:4)
  2 giant frog skeletons
  4 orc wizards
  3 iguanas
  A killer bee zombie (D:6)
  Jessica (D:2)
  A mummy (D:8)
  A worker ant zombie (D:9)
  14 gnolls
  17 adders
  13 river rats
  A giant mite (D:2)
  3 worms
  An adder skeleton (D:6)
  5 giant geckos
  An ooze (D:6)
  28 orcs
  9 bats
  A bat skeleton (D:5)
  A bat zombie (D:7)
  5 giant cockroaches
  6 hobgoblins
  13 jackals
  10 quokkas
  A giant gecko skeleton (D:9)
  6 giant newts
  9 goblins
  A jackal skeleton (D:4)
  17 kobolds
  A quokka skeleton (D:4)
  14 rats
  4 ballistomycetes (D:9)
  24 fungi
  A plant (Lair:1)
306 creatures vanquished.

Vanquished Creatures (others)
  Maurice (D:9)
  A wandering mushroom (D:9)
  A slave (D:9)
  A water moccasin zombie (D:9)
  A giant gecko (D:9)
  A giant spore (D:9)
6 creatures vanquished.

Grand Total: 312 creatures vanquished

Notes
Turn   | Place    | Note
--------------------------------------------------------------
     0 | D:1      | LuckyCent, the Minotaur Fighter, began the quest for the Orb.
     0 | D:1      | Reached XP level 1. HP: 19/19 MP: 1/1
   298 | D:1      | Reached XP level 2. HP: 24/27 MP: 1/1
   408 | D:2      | Reached skill level 4 in Armour
   422 | D:2      | Reached XP level 3. HP: 20/33 MP: 2/2
   521 | D:2      | Noticed Jessica
   531 | D:2      | Killed Jessica
   817 | D:3      | Found a glowing golden altar of the Shining One.
   833 | D:3      | Reached XP level 4. HP: 40/40 MP: 2/2
  1003 | D:3      | Found a blossoming altar of Fedhas.
  1045 | D:3      | Reached skill level 1 in Dodging
  1045 | D:3      | Reached skill level 5 in Shields
  1064 | D:3      | Reached XP level 5. HP: 13/46 MP: 2/2
  1211 | D:3      | Reached skill level 5 in Armour
  1329 | D:4      | Found a stormy altar of Qazlal.
  1390 | D:4      | Became a worshipper of Qazlal Stormbringer
  1397 | D:4      | Noticed an ogre
  1404 | D:4      | Killed an ogre
  1456 | D:4      | Reached XP level 6. HP: 24/53 MP: 3/3
  1508 | D:4      | Noticed an ogre
  1518 | D:4      | Killed an ogre
  1518 | D:4      | Reached skill level 6 in Shields
  1544 | D:4      | HP: 2/53 [iguana (8)]
  1881 | D:4      | Reached XP level 7. HP: 48/60 MP: 3/3
  1919 | D:4      | Acquired Qazlal's first power
  2211 | D:4      | Reached skill level 5 in Fighting
  2316 | D:4      | Found an iron altar of Okawaru.
  2420 | D:4      | Found a staircase to the Ecumenical Temple.
  2573 | D:5      | Entered Level 5 of the Dungeon
  3202 | D:5      | Reached skill level 5 in Long Blades
  3202 | D:5      | Reached skill level 7 in Shields
  3589 | D:6      | Acquired Qazlal's second power
  3613 | D:6      | Reached XP level 8. HP: 69/69 MP: 3/3
  4080 | D:6      | Reached skill level 8 in Shields
  4592 | D:7      | Acquired Qazlal's third power
  4869 | D:7      | Reached skill level 9 in Shields
  4891 | D:7      | Reached XP level 9. HP: 62/78 MP: 4/4
  5338 | D:8      | Found Sanabemu's Jewellery Emporium.
  5500 | D:8      | Reached skill level 10 in Shields
  5779 | D:8      | Found Suaphio's Antique Armour Boutique.
  6390 | D:8      | Acquired Qazlal's fourth power
  6471 | D:9      | Noticed Pikel
  6481 | D:9      | Killed Pikel
  6481 | D:9      | Reached XP level 10. HP: 80/88 MP: 4/4
  6624 | D:9      | Reached skill level 11 in Shields
  6709 | D:9      | Found a staircase to the Lair.
  6837 | D:9      | Found Kuipnum's Distillery.
  6940 | D:9      | Noticed Maurice
  6995 | D:9      | Killed Maurice
  7095 | Lair:1   | Entered Level 1 of the Lair of Beasts
  7283 | Lair:1   | Reached skill level 12 in Shields
  7353 | Lair:1   | Noticed Joseph
  7365 | Lair:1   | Killed Joseph
  7365 | Lair:1   | Reached skill level 10 in Long Blades
  7525 | Lair:1   | Noticed Harold
  7541 | Lair:1   | Killed Harold
  7541 | Lair:1   | Reached XP level 11. HP: 66/95 MP: 4/4
  7693 | Lair:1   | Noticed a black mamba
  7709 | Lair:1   | Killed a black mamba
  8296 | Lair:2   | Acquired Qazlal's fifth power
  8386 | Lair:2   | Noticed a seven-headed hydra
  8412 | Lair:2   | Slain by a 14-headed hydra

Action                   |  1- 3 |  4- 6 |  7- 9 | 10-12 || total
-------------------------+-------+-------+-------+-------++-------
Melee: Long sword        |    72 |   140 |   207 |       ||   419
       Falchion          |       |       |   286 |   308 ||   594
Evoke: Wand              |       |       |       |     2 ||     2
  Use: Scroll            |       |     1 |     4 |     6 ||    11
       Potion            |       |     1 |       |       ||     1
  Eat: Bread ration      |       |     1 |     1 |     1 ||     3
       Fruit             |       |       |     3 |       ||     3
       Meat ration       |       |       |     1 |     1 ||     2
       Pizza             |       |       |     2 |       ||     2
